 Dungeon Crawl Stone Soup version 0.23.2-1-ga50397a (console) character file.

Game seed: 11902325490080391905

357 fly the Ducker (level 6, -1/44 HPs)
             Began as a Human Skald on Apr 27, 2019.
             Killed from afar by Natasha (8 damage)
             ... with a magic dart
             ... on level 2 of the Dungeon.
             The game lasted 00:06:42 (3276 turns).

fly the Ducker (Human Skald)                        Turns: 3276, Time: 00:06:42

Health: -1/44      AC:  0    Str: 10 (11) XL:     6   Next: 96%
Magic:  4/9        EV: 16    Int: 11 (14) God:
Gold:   56         SH:  0    Dex: 11 (14) Spells: 6/9 levels left

rFire    . . .     SeeInvis .   (weapon currently unavailable)
rCold    . . .     Gourm    .   (shield currently unavailable)
rNeg     . . .     Faith    .   (armour currently unavailable)
rPois    .         Spirit   .   (helmet currently unavailable)
rElec    .         Reflect  .   (cloak currently unavailable)
rCorr    .         Harm     .   (gloves currently unavailable)
MR       .....                  (boots currently unavailable)
Stlth    +.........             (no amulet)
HPRegen  0.14/turn              (ring currently unavailable)
MPRegen  0.11/turn              (ring currently unavailable)

@: pig-form (expiring), very quick
A: small
a: no special abilities


You were on level 2 of the Dungeon.
You were not hungry.
You were a filthy swine.
You visited 1 branch of the dungeon, and saw 3 of its levels.

You collected 56 gold pieces.

Inventory:

Hand Weapons
 a - a +0 falchion (melded)
Armour
 r - a +0 pair of gloves (melded)
 v - a +2 buckler of protection (melded)
 y - a +0 leather armour (melded)
Jewellery
 c - a ring of see invisible (melded)
Scrolls
 b - a scroll of remove curse {unknown}
 f - a scroll of enchant armour {unknown}
 h - 3 scrolls of amnesia {unknown}
Potions
 j - a potion of heal wounds {unknown}
Comestibles
 d - 3 rations
 i - 2 chunks of flesh


   Skills:
 - Level 2.0 Fighting
 + Level 4.9 Long Blades
 - Level 1.0 Armour
 + Level 5.0 Dodging
 - Level 2.0 Spellcasting
 - Level 3.0 Charms


You had 6 spell levels left.
You knew the following spells:

 Your Spells              Type           Power        Failure   Level  Hunger
s - Song of Slaying       Chrm           #.......     13%         2    ###....
z - Infusion              Chrm           #...         9%          1    ##.....

Your spell library contained the following spells:

 Spells                   Type           Power        Failure   Level  Hunger
 Shroud of Golubria       Chrm/Tloc      #.........   24%         2    ###....
 Regeneration             Chrm/Necr      #.........   43%         3    ####...
 Spectral Weapon          Hex/Chrm       #.......     43%         3    ####...


Dungeon Overview and Level Annotations

Branches:
Dungeon (3/15)

Altars:

Annotations:
D:2 Natasha


Message History

You miss Natasha.
Natasha is heavily wounded.
Your transformation is almost over.
Natasha claws you.
* * * LOW HITPOINT WARNING * * *
You hit Natasha.
Natasha is severely wounded.
You are no longer magically infusing your attacks.
Natasha casts a spell at you. The magic dart hits you.
* * * LOW HITPOINT WARNING * * *
You closely miss Natasha.
Natasha is severely wounded.
Natasha closely misses you.
It was a potion of degeneration.
There was something very wrong with that liquid.
You feel weakened.
You feel dopey.
You feel clumsy. Natasha casts a spell at you. The magic dart hits you!
You die...

##........#...######...#
#.......>##### ##...#
###........### #.....
#............#######.....
#....###.....#.......#'#.
#....# #.....#.#######.#.
#....###.....#.# #.....##
#......h)....#.###.###...
#.......h).(.[...........
####....######.###.....#.
#....# #..######'#<
#..(.# ##.# #### #....#
#.# ##8 #....# #.# 8..
#....# #.# .?. ###### #.#
... #### .(.


You could see Natasha.

Vanquished Creatures
  A howler monkey (D:2)
  2 orc wizards
  Natasha (D:3)
  10 adders
  4 gnolls (D:3)
  An ooze (D:1)
  2 worms
  A leopard gecko (D:1)
  11 orcs
  5 bats
  3 giant cockroaches
  8 goblins
  9 hobgoblins
  7 jackals (D:2)
  3 quokkas
  10 frilled lizards
  8 kobolds
  10 rats
96 creatures vanquished.

Vanquished Creatures (others)
  A rat (D:3)
1 creature vanquished.

Grand Total: 97 creatures vanquished

Notes
Turn   | Place    | Note
-------+----------+-------------------------------------------
     0 | D:1      | fly the Human Skald began the quest for the Orb.
     0 | D:1      | Reached XP level 1. HP: 16/16 MP: 3/3
    51 | D:1      | Reached XP level 2. HP: 20/22 MP: 1/5
   606 | D:1      | Reached XP level 3. HP: 27/27 MP: 6/6
   856 | D:2      | Reached skill level 3 in Dodging
   872 | D:2      | Reached XP level 4. HP: 17/33 MP: 4/7
  1257 | D:2      | Reached XP level 5. HP: 32/38 MP: 3/8
  1796 | D:2      | Reached skill level 4 in Dodging
  2084 | D:3      | Noticed Natasha
  2268 | D:2      | Reached XP level 6. HP: 32/44 MP: 3/9
  2331 | D:2      | Learned a level 2 spell: Song of Slaying
  2725 | D:3      | Killed Natasha
  3151 | D:3      | Noticed Natasha
  3172 | D:2      | Reached skill level 5 in Dodging
  3276 | D:2      | Killed from afar by Natasha

Skill      XL: |  1  2  3  4  5  6 |
---------------+-------------------+-----
Dodging        | 3 4 5 |  5.0
Long Blades    | 3 4 |  4.9
Fighting       | |  2.0
Armour         | |  1.0
Spellcasting   | |  2.0
Charms         | |  3.0

Action                   |  1- 3 |  4- 6 || total
-------------------------+-------+-------++-------
Melee: Falchion          |    95 |   177 ||   272
       Unarmed           |       |    11 ||    11
 Cast: Infusion          |     4 |    21 ||    25
  Use: Potion            |     1 |     1 ||     2
       Scroll            |     1 |       ||     1
  Eat: Chunk             |       |     9 ||     9
Armor: Leather armour    |    17 |    55 ||    72
Dodge: Dodged            |    79 |   183 ||   262
Block: Buckler           |       |     2 ||     2
       Rpst.: Falchion   |    33 |    58 ||    91
